Map: Jagannatha LE

Players

FisherWeil

  • Race: Zerg Zerg
  • League: Platinum
  • Spawn Location: 1:00

Massa - Winner!

  • Race: Terran Terran
  • League: Platinum
  • Spawn Location: 7:00

VOD

Have the link to the VOD?

Description

Time

  • Played on: Feb. 13, 2021, 1:24 p.m.
  • Length: 16:42
Show
View Real Time Build Order
Export as new Build Order

FisherWeil Zerg 

Build Orders: Hatch First 

Get SALT Encoding   

  12  0:01  Drone  
  13  0:08  Drone  
  14  0:17  Overlord  
  14  0:22  Extractor  
  14  0:24  Drone  
  15  0:36  Drone x2  
  17  0:54  Hatchery  
  16  1:08  Spawning Pool  
  16  1:11  Extractor  
  14  1:13  Drone  
  14  1:16  Drone  
  16  1:20  Drone  
  17  1:28  Overlord  
  17  1:38  Drone  
  18  1:46  Drone  
  19  1:55  Queen  
  19  1:57  Zergling x2  
  22  2:06  Queen  
  22  2:07  Zergling x2  
  25  2:10  Zergling x2  
  26  2:17  Metabolic Boost  
  26  2:29  Zergling x4  
  27  2:30  Zergling x2  
  27  2:31  Zergling x2  
  29  2:42  Zergling x2  
  29  2:43  Baneling Nest  
  29  2:45  Zergling x2  
  29  2:51  Zergling x2  
  31  2:53  Zergling x2  
  32  3:01  Zergling x2  
  32  3:04  Zergling x2  
  32  3:05  Zergling x2  
  35  3:07  Zergling x2  
  36  3:31  Overlord x2  
  36  3:39  Baneling x3  
  36  3:40  Baneling x2  
  36  3:50  Drone x2  
  36  3:51  Drone x2  
  36  3:52  Drone  
  35  4:29  Zergling x2  
  35  4:30  Zergling x8  
  35  4:31  Zergling x8  
  38  4:32  Zergling x4  
  38  5:04  Overlord x2  
  34  5:36  Drone x3, Queen  
  39  5:48  Extractor, Lair  
  27  6:20  Zergling x6  
  27  6:21  Zergling x8  
  27  6:22  Zergling x4  
  27  6:23  Zergling x2  
  36  6:47  Spore Crawler  
  35  6:50  Spore Crawler  
  35  6:53  Spore Crawler  
  33  6:56  Drone x3  
  36  7:01  Drone x3  
  34  7:19  Zergling x2  
  34  7:20  Zergling x10, Spire  
  34  7:21  Drone x2  
  41  7:24  Extractor  
  41  7:28  Extractor  
  39  7:31  Spore Crawler  
  39  7:32  Spore Crawler  
  37  7:37  Drone  
  38  7:46  Drone x3  
  38  7:49  Drone x4  
  45  8:01  Baneling  
  45  8:02  Baneling x4  
  45  8:06  Zergling x2  
  45  8:12  Zergling x6  
  49  8:17  Centrifical Hooks  
  49  8:22  Hatchery  
  48  8:29  Queen  
  48  8:30  Zergling x4  
  52  8:50  Overlord x2  
  52  9:13  Zergling x2  
  52  9:14  Zergling x8  
  57  9:17  Drone x4  
  62  9:38  Drone  
  62  9:46  Drone x2  
  62  9:47  Drone  
  62  9:48  Drone x4  
  69  10:01  Pneumatized Carapace  
  69  10:02  Zergling x2  
  69  10:03  Zergling x4  
  69  10:04  Overseer x2  
  72  10:08  Drone x2  
  72  10:10  Spore Crawler  
  72  10:11  Drone  
  72  10:13  Overlord  
  74  10:19  Spine Crawler  
  73  10:22  Spine Crawler  
  72  10:41  Zergling x8  
  72  10:42  Zergling x6  
  79  10:43  Zergling x4  
  79  10:49  Drone  
  82  10:50  Drone  
  82  10:52  Spore Crawler  
  81  10:59  Spine Crawler  
  80  11:10  Drone x2  
  82  11:13  Overlord  
  82  11:14  Overlord x2  
  80  11:41  Hatchery  
  57  11:55  Zergling x4  
  57  11:56  Zergling x6  
  57  11:57  Zergling x8  
  57  11:58  Zergling x2  
  57  11:59  Zergling x6  
  57  12:01  Baneling x6  
  69  12:02  Baneling x4  
  69  12:03  Baneling  
  69  12:07  Zergling x2  
  69  12:08  Zergling x4  
  72  12:20  Infestation Pit  
  72  12:22  Zergling x4, Evolution Chamber  
  72  12:23  Evolution Chamber  
  72  12:24  Baneling x5  
  72  12:25  Baneling x5  
  71  12:31  Zergling x4  
  71  12:32  Zergling x2  
  74  12:45  Zergling x4  
  74  12:46  Zergling x6  
  74  12:47  Zergling x6  
  82  12:53  Extractor  
  82  12:55  Extractor  
  62  13:08  Zergling x6  
  62  13:09  Zergling x6  
  62  13:10  Zergling x6  
  65  13:15  Baneling  
  65  13:16  Baneling x5  
  65  13:17  Baneling x4  
  65  13:20  Zergling x2  
  65  13:21  Zergling x2  
  65  13:22  Zergling x8  
  71  13:30  Zergling x2  
  71  13:31  Zergling x2  
  73  13:36  Hive  
  73  13:37  Zerg Melee Weapons Level 1  
  73  13:38  Zerg Ground Armor Level 1  
  60  13:53  Zergling x6  
  60  13:55  Zergling x8  
  58  14:06  Zergling x4  
  58  14:07  Baneling x2  
  58  14:08  Baneling x5  
  58  14:09  Zergling x2  
  62  14:10  Zergling x2  
  62  14:19  Zergling x6  
  62  14:20  Zergling x2  
  55  14:46  Zergling x4  
  55  14:47  Zergling x10  
  55  14:48  Zergling x2  
  55  14:52  Drone x3  
  66  15:00  Zergling x6  
  66  15:01  Zergling x2  
  66  15:03  Baneling  
  66  15:04  Baneling  
  70  15:22  Zergling x4  
  50  15:29  Zergling x2  
  50  15:31  Zergling x6  
  50  15:32  Zergling x2  
  51  15:36  Zergling x2  
  48  15:52  Zergling x6  
  48  15:53  Zergling x4  
  48  15:54  Zergling x6  
  53  16:03  Zergling x2  
  49  16:12  Zergling x2  
  49  16:13  Zergling x6  
  50  16:19  Zergling x2  
  50  16:21  Zergling x4  
Show
View Real Time Build Order
Export as new Build Order

Massa Terran - Winner!

Build Orders: Hellion Banshee 

Get SALT Encoding   

  12  0:00  SCV  
  13  0:12  SCV  
  14  0:17  Supply Depot  
  14  0:24  SCV  
  15  0:39  SCV  
  16  0:45  Barracks  
  16  0:51  SCV  
  16  0:53  Refinery  
  17  1:03  SCV  
  18  1:15  SCV  
  19  1:27  SCV  
  20  1:40  Orbital Command  
  20  1:44  Command Center  
  20  1:54  Barracks Reactor  
  20  2:05  SCV  
  20  2:07  Supply Depot  
  21  2:16  Factory  
  21  2:28  SCV  
  22  2:30  Marine x2  
  24  2:45  SCV  
  24  2:48  Marine x2  
  27  2:57  Supply Depot  
  27  2:58  Orbital Command, SCV  
  28  3:06  Marine x2  
  28  3:10  Starport, SCV  
  31  3:14  Hellion  
  33  3:26  SCV x2  
  35  3:38  SCV  
  36  3:42  Hellion x2  
  36  3:43  Barracks Tech Lab  
  40  3:48  SCV  
  40  3:52  Refinery  
  40  3:54  Engineering Bay  
  41  3:57  SCV, Barracks x2  
  41  4:00  Supply Depot  
  42  4:07  Hellion x2  
  41  4:21  Banshee  
  40  4:29  Hellion x2  
  20  5:08  SCV  
  21  5:32  SCV x2  
  23  5:44  SCV x2  
  18  5:56  SCV x2  
  12  6:10  Hellion  
  12  6:18  Supply Depot  
  12  6:19  Marine  
  13  6:26  SCV x2  
  13  6:30  Marine x2  
  17  6:34  Hellion  
  17  6:37  Marine  
  17  6:38  SCV x2  
  22  6:48  Marine x2  
  22  6:51  Starport  
  22  6:55  Marine  
  23  7:12  SCV x2  
  25  7:24  SCV x2  
  25  7:27  Hellion  
  29  7:36  SCV x2  
  31  7:46  Marine x3  
  31  7:48  SCV  
  31  7:49  SCV  
  36  7:58  Missile Turret  
  36  8:00  SCV  
  36  8:01  SCV  
  36  8:03  Missile Turret  
  36  8:04  Marine x2  
  40  8:10  Supply Depot  
  40  8:13  SCV x2  
  42  8:25  SCV  
  43  8:28  SCV  
  43  8:32  Terran Infantry Weapons Level 1  
  43  8:33  Barracks Reactor  
  44  8:37  SCV  
  44  8:40  SCV  
  46  8:50  SCV  
  46  8:52  SCV  
  48  8:58  Barracks Reactor  
  48  9:00  Marine  
  49  9:03  Medivac  
  49  9:06  Refinery  
  49  9:08  Refinery  
  51  9:12  Command Center  
  51  9:13  Factory Tech Lab  
  51  9:18  Marine  
  52  9:25  Marine x2  
  52  9:28  SCV x2  
  56  9:36  Marine  
  57  9:40  SCV x2  
  57  9:41  Medivac  
  57  9:43  Marine  
  62  9:51  Supply Depot  
  62  9:53  Supply Depot  
  62  9:54  Missile Turret, Supply Depot  
  62  10:13  SCV, Marine x4  
  67  10:15  Supply Depot  
  67  10:16  Barracks Tech Lab  
  67  10:36  Marine x4  
  67  10:37  Marine  
  69  10:54  Marine x2  
  71  11:06  Stimpack  
  71  11:13  Missile Turret  
  71  11:15  Missile Turret  
  71  11:16  Terran Infantry Armor Level 1  
  71  11:20  Armory  
  71  11:21  Factory  
  71  11:28  Barracks x2  
  69  11:34  Marauder, Marine x4  
  69  11:39  Siege Tank  
  78  11:51  Marine  
  77  11:55  Marauder  
  77  11:56  Medivac  
  81  12:07  Planetary Fortress  
  81  12:08  SCV x2  
  83  12:18  Missile Turret  
  83  12:20  SCV  
  83  12:21  SCV  
  85  12:29  Medivac  
  87  12:39  Factory Reactor  
  87  12:45  Supply Depot  
  87  12:52  Engineering Bay, Terran Vehicle Weapons Level 1  
  87  12:55  SCV x2  
  90  13:00  Medivac  
  90  13:03  Combat Shield  
  92  13:07  SCV x2  
  92  13:09  Terran Infantry Weapons Level 2, Supply Depot  
  89  13:14  Command Center  
  89  13:20  Marine  
  89  13:21  Marauder, Marine x3  
  89  13:24  Barracks Reactor, Barracks Tech Lab  
  95  13:30  Medivac  
  95  13:32  Supply Depot  
  97  13:42  Marauder  
  83  14:01  Siege Tank  
  83  14:02  Widow Mine x2  
  89  14:03  Marauder  
  88  14:23  Widow Mine  
  88  14:24  Widow Mine  
  91  14:33  Siege Tank  
  89  14:39  Planetary Fortress  
  89  14:41  SCV x2  
  91  14:53  SCV x2  
  91  14:54  Command Center  
  93  15:05  SCV x2  
  95  15:17  SCV  
  90  15:31  Marauder  
  90  15:32  Marauder, Marine x6  
  90  15:35  Widow Mine x2, Siege Tank  
  102  15:49  Marine  
  102  15:50  Marine x2  
  102  15:52  Marine x3  
  102  15:53  Marauder x2  
  110  16:05  Widow Mine  
  110  16:06  Widow Mine  
  110  16:07  Marine, Siege Tank  
  110  16:08  Marine x2  
  110  16:10  Marine  
  121  16:14  Marauder x2  
  123  16:21  Marine  
  125  16:30  SCV  
Tags
 
Composition
Hellion Banshee
Matchup
TvZ
Replay Pack
Multiplayer
Spawn Locations
Cross Positions
Add a new tag
Caveats
  • Supply blocks, unpowered buildings, or Contaminate may cause inaccurate times.
  • Supply counts are checked every 10 seconds.